AoeStats
← fechinoo

Arena

507945835Analyzed
4v4 RM · 13d ago on Sep 20, 2026· 85m 6s· 8 players
Game mode
Random Map
Map size
Large (8 player)
Population
200
Speed
Normal
Resources
Standard
Victory
Conquest
Starting age
Dark Age
Ending age
Imperial Age
RankedLock teamsTeams togetherTeam positionsShared explorationLock speedFull tech treeHidden civsTurbo modeCheats
Victory
Defeat
🇻🇳 Koreans · Vietnam
1129
+11
🇨🇳 Poles · China
1101
+12
🇬🇧 Celts · United Kingdom
1080
+12
🇹🇷 Poles · Türkiye
1025
+14
🇹🇼 Lithuanians · Taiwan
1064
-15
🇨🇳 Huns · China
987
-12
🇦🇷 Persians · Argentina
977
-11
🇹🇳 Ethiopians · Tunisia
976
-11
76561199184427487
11:11 Feudal Age
15:16 Castle Age
13:36 Double-Bit Axe
17:39 Bow Saw
22:18 Horse Collar
24:09 Gold Mining
24:10 Stone Mining
26:22 Wheelbarrow
26:56 Gold Shaft Mining
26:57 Stone Shaft Mining
26:52 Forging
26:33 Fletching
26:49 Heavy Plow
28:48 Hand Cart
31:38 Imperial Age
31:07 Crossbowman
31:52 Thumb Ring
32:26 Iron Casting
31:46 Bodkin Arrow
31:51 Padded Archer Armor
32:15 Ballistics
32:15 Kamandaran
32:36 Conscription
34:24 Two-Man Saw
34:28 Blast Furnace
33:30 Scale Mail Armor
33:37 Scale Barding Armor
34:34 Chemistry
37:55 Elite War Elephant
40:52 Chain Barding Armor
40:48 Chain Mail Armor
40:48 Leather Archer Armor
41:40 Heavy Camel Rider
44:24 Plate Barding Armor
44:19 Plate Mail Armor
44:20 Ring Archer Armor
50:13 Pikeman
50:54 Squires
50:39 Arson
57:24 Halberdier
O.
11:06 Feudal Age
10:13 Loom
12:11 Double-Bit Axe
13:50 Horse Collar
18:48 Castle Age
17:05 Stone Mining
17:13 Fletching
18:34 Padded Archer Armor
21:11 Heavy Plow
21:24 Bow Saw
24:26 Ballistics
24:28 Gold Mining
25:53 Wheelbarrow
27:55 Hand Cart
33:08 Imperial Age
31:00 Leather Archer Armor
30:09 Crossbowman
31:34 Gold Shaft Mining
31:18 Squires
31:20 Scale Mail Armor
31:47 Masonry
31:53 Forging
32:16 Bodkin Arrow
32:14 Town Watch
33:16 Fortified Wall
33:02 Murder Holes
33:02 Arson
34:09 Conscription
34:40 Ring Archer Armor
34:22 Thumb Ring
34:47 Chain Mail Armor
35:07 Architecture
34:18 Heavy Scorpion
36:29 Two-Man Saw
36:20 Iron Casting
37:39 Plate Mail Armor
43:10 Conscription
43:47 Siege Engineers
44:50 Architecture
45:41 Chemistry
44:40 Elite Skirmisher
46:47 Blast Furnace
47:08 Bracer
47:07 Murder Holes
stanley177777
10:36 Feudal Age
11:50 Double-Bit Axe
15:52 Castle Age
14:12 Horse Collar
22:27 Bow Saw
23:43 Heavy Plow
24:23 Wheelbarrow
23:34 Loom
27:26 Hand Cart
28:07 Squires
27:34 Pikeman
28:31 Gold Mining
28:31 Stone Mining
29:34 Arson
30:03 Forging
29:58 Scale Barding Armor
29:53 Scale Mail Armor
33:57 Imperial Age
33:20 Bloodlines
33:10 Husbandry
33:47 Iron Casting
33:27 Chain Mail Armor
33:33 Chain Barding Armor
34:14 Halberdier
35:00 Tower Shields
36:19 Stone Shaft Mining
36:26 Elite Leitis
37:31 Conscription
37:34 Light Cavalry
39:03 Plate Barding Armor
38:03 Onager
38:35 Winged Hussar
51:17 Caravan
58:55 Fletching
59:05 Padded Archer Armor
61:08 Thumb Ring
60:26 Elite Skirmisher
66:18 Bodkin Arrow
66:38 Leather Archer Armor
79:03 Fortified Wall
fechinoo
11:10 Feudal Age
15:11 Castle Age
13:22 Double-Bit Axe
13:43 Horse Collar
16:03 Heavy Plow
20:48 Bow Saw
22:14 Wheelbarrow
23:22 Hand Cart
23:38 Hand Cart
23:46 Gold Mining
24:04 Stone Mining
28:55 Imperial Age
26:25 Fletching
26:36 Padded Archer Armor
27:24 Ballistics
27:44 Bodkin Arrow
28:05 Leather Archer Armor
28:04 Bloodlines
27:54 Husbandry
28:51 Thumb Ring
28:58 Heavy Cavalry Archer
30:10 Parthian Tactics
29:53 Bracer
31:05 Chemistry
30:34 Conscription
31:47 Two-Man Saw
31:30 Gold Shaft Mining
32:39 Light Cavalry
33:25 Scale Barding Armor
33:36 Loom
33:36 Town Watch
35:24 Guilds
35:38 Hussar
38:05 Chain Barding Armor
37:36 Elite Tarkan
37:42 Elite Tarkan
38:53 Forging
41:08 Marauders
43:29 Caravan
48:37 Plate Barding Armor
50:33 Iron Casting
52:09 Coinage
52:48 Blast Furnace
52:09 Murder Holes
52:25 Masonry
三条柒
11:23 Feudal Age
12:29 Double-Bit Axe
12:39 Horse Collar
13:09 Town Watch
15:53 Castle Age
15:20 Stone Mining
15:22 Gold Mining
16:51 Heavy Plow
17:02 Bow Saw
20:07 Wheelbarrow
22:07 Loom
22:45 Hand Cart
24:31 Stone Shaft Mining
25:26 Scale Mail Armor
25:37 Forging
25:27 Pikeman
26:07 Squires
26:27 Chain Mail Armor
27:58 Masonry
31:57 Imperial Age
30:19 Fletching
30:30 Padded Archer Armor
31:05 Iron Casting
30:56 Ballistics
30:18 Treadmill Crane
30:46 Town Patrol
31:32 Szlachta Privileges
31:33 Scale Barding Armor
31:25 Bodkin Arrow
31:42 Scale Barding Armor
32:14 Iron Casting
31:48 Scale Barding Armor
31:11 Elite Skirmisher
32:10 Bloodlines
32:01 Husbandry
32:39 Bracer
32:57 Leather Archer Armor
33:48 Chemistry
33:19 Scale Barding Armor
34:14 Blast Furnace
34:29 Conscription
34:25 Fortified Wall
33:43 Light Cavalry
36:02 Chain Barding Armor
36:13 Plate Mail Armor
36:22 Plate Mail Armor
35:59 Capped Ram
40:28 Siege Ram
42:20 Winged Hussar
46:07 Cavalier
68:21 Siege Engineers
78:24 Spies/Treason
81:08 Onager
WarLorD
11:01 Feudal Age
12:51 Double-Bit Axe
15:09 Castle Age
12:53 Horse Collar
14:41 Loom
16:14 Wheelbarrow
22:33 Heavy Plow
23:51 Bow Saw
24:19 Hand Cart
27:06 Gold Mining
30:05 Imperial Age
27:42 Scale Barding Armor
27:49 Forging
27:48 Szlachta Privileges
27:32 Town Watch
28:45 Chain Barding Armor
28:34 Stone Mining
30:26 Iron Casting
29:51 Light Cavalry
31:14 Stone Shaft Mining
31:22 Lechitic Legacy
31:26 Conscription
31:43 Hoardings
30:33 Cavalier
31:29 Bloodlines
31:57 Husbandry
31:40 Winged Hussar
32:34 Fortified Wall
32:21 Murder Holes
33:34 Blast Furnace
33:30 Crop Rotation
33:34 Fletching
34:43 Masonry
34:15 Treadmill Crane
34:57 Ballistics
35:41 Chemistry
34:48 Siege Engineers
34:42 Bodkin Arrow
35:23 Arrowslits
35:59 Ballistics
38:57 Bombard Tower
38:48 Town Patrol
39:43 Bracer
39:43 Padded Archer Armor
40:17 Elite Skirmisher
41:04 Thumb Ring
41:51 Leather Archer Armor
42:30 Scale Mail Armor
45:47 Redemption
47:00 Fervor
53:17 Chain Mail Armor
54:31 Plate Mail Armor
54:32 Capped Ram
56:01 Siege Ram
59:01 Caravan
60:05 Sappers
79:31 Spies/Treason
83:33 Onager
[SKY] strider
8:20 Loom
10:35 Feudal Age
14:27 Castle Age
13:09 Double-Bit Axe
17:05 Horse Collar
20:56 Bow Saw
21:06 Heavy Plow
23:34 Wheelbarrow
23:43 Gold Mining
27:29 Imperial Age
27:53 Hand Cart
28:12 Scale Mail Armor
28:22 Forging
27:38 Capped Ram
29:30 Ballistics
31:27 Chemistry
30:08 Pikeman
31:11 Chain Mail Armor
31:02 Halberdier
32:23 Iron Casting
32:28 Siege Ram
33:02 Gambesons
33:25 Scale Barding Armor
33:33 Heavy Scorpion
35:52 Plate Mail Armor
36:52 Blast Furnace
48:44 Siege Engineers
61:58 Arson
84:44 Spies/Treason
bthi68153
2:30 Loom
10:26 Feudal Age
17:33 Castle Age
15:40 Double-Bit Axe
16:06 Horse Collar
16:53 Stone Mining
20:42 Bow Saw
24:13 Crossbowman
25:37 Heavy Plow
26:31 Wheelbarrow
30:47 Imperial Age
28:49 Pikeman
29:30 Squires
29:33 Scale Mail Armor
29:24 Fletching
30:44 Chain Mail Armor
30:44 Bodkin Arrow
32:49 Chemistry
31:46 Arbalester
33:03 Thumb Ring
33:30 Bracer
35:15 Halberdier
36:27 Plate Mail Armor
37:10 Conscription
47:09 Elite War Wagon
51:18 Scale Barding Armor
52:01 Light Cavalry
53:35 Hussar
54:44 Forging
Connection lost

Rejoining the realm…

Still unreachable

The connection could not be restored.

Session expired

The server has moved on; the page needs a fresh start.